Construct Infanterie Kompanie
Construct Luftwaffe Kompanie
Flak 30 Anti-aircraft Gun Team
Luftwaffe Officer Quarters
Selects Mechanized Battlegroup
Selects Wespe Self-propelled Artillery
Wespe Self-propelled Artillery
Marder III M Tank Destroyer
Marder III M Tank Destroyer
Selects Zeroing Artillery Barrage
Construct Panzer Kompanie
Selects StuG Assault Group
Selects UNKNOWN (2160084)
Zeroing Artillery Barrage
Construct Panzergrenadier Kompanie
Zeroing Artillery Barrage
Pak 40 Anti-tank Gun Team
Zeroing Artillery Barrage
Pak 40 Anti-tank Gun Team
Zeroing Artillery Barrage
Zeroing Artillery Barrage
Zeroing Artillery Barrage
Zeroing Artillery Barrage